 Dungeon Crawl Stone Soup version 5.2-4-g6121e92 (webtiles) character file.

76 tehllama the Charmwright (level 5, -6/34 HPs)
             Began as a Kobold Skald on Nov 27, 2017.
             Killed by nerve-wracking pain
             ... invoked by an orc priest
              (11 damage)
             ... on level 3 of the Dungeon.
             The game lasted 00:02:42 (1605 turns).

tehllama the Charmwright (Kobold Skald)             Turns: 1605, Time: 00:02:44

Health: -6/34      AC:  4 (14%)Str: 15  XL:     5   Next: 91%
Magic:  0/6        EV: 15    Int: 22    God:
Gold:   199        SH:  3    Dex: 15    Spells: 7/17 levels left

rFire    . . .     SeeInvis .   a - +0 hand axe
rCold    . . .     Faith    .   (shield restricted)
rNeg     . . .     Spirit   .   b - +0 leather armour
rPois    .         Reflect  +   (no helmet)
rElec    .                      (no cloak)
rCorr    .                      (no gloves)
MR       .....                  o - +0 pair of boots
Stlth    ++........             e - +3 amulet of reflection
Regen    0.7/turn               (no ring)
MPRegen  0.2/turn               (no ring)

@: mighty, brilliant, regenerating, slowed, very slow
A: evolution
a: End Regeneration, Stop Singing, End Infusion


You were on level 3 of the Dungeon.
You were not hungry.

You visited 1 branch of the dungeon, and saw 3 of its levels.

You collected 199 gold pieces.

Inventory:

Hand Weapons
 a - a +0 hand axe (weapon)
Missiles
 c - 1021 stones (quivered)
 f - 141 arrows
 h - 270 bolts
Armour
 b - a +0 leather armour (worn)
 o - a +0 pair of boots (worn)
Jewellery
 e - a +3 amulet of reflection (around neck)
 l - an uncursed amulet of magic regeneration
Scrolls
 d - 2 scrolls of enchant armour
 g - 3 scrolls of amnesia
 j - a scroll of fog
 k - a scroll of fear
 n - a scroll of teleportation
Potions
 m - a potion of mutation


   Skills:
 + Level 4.6 Fighting
 + Level 2.0 Blades
 + Level 4.6 Axes
 + Level 2.0(3.5) Maces & Staves
 + Level 2.0(3.5) Polearms
 + Level 2.0 Bows
 + Level 2.0 Crossbows
 + Level 2.0 Throwing
 + Level 3.3 Armour
 + Level 3.3 Dodging
 + Level 2.0 Stealth
 + Level 2.0 Shields
 + Level 2.0 Unarmed Combat
 + Level 5.0 Spellcasting
 + Level 2.0 Hexes
 + Level 6.0 Charms
 + Level 2.0 Summonings
 + Level 2.0 Necromancy
 + Level 2.0 Translocations
 + Level 2.0 Transmutations
 + Level 2.0 Fire Magic
 + Level 2.0 Ice Magic
 + Level 2.0 Air Magic
 + Level 2.0 Earth Magic
 + Level 2.0 Invocations
 + Level 2.0 Evocations


You had 7 spell levels left.
You knew the following spells:

 Your Spells              Type           Power        Failure   Level  Hunger
a - Infusion              Chrm           25 (25)      1%          1    N/A
b - Song of Slaying       Chrm           45 (100)     1%          2    N/A
c - Regeneration          Chrm/Necr      36 (200)     1%          3    N/A
d - Ozocubu's Armour      Chrm/Ice       36 (100)     3%          4    N/A

Dungeon Overview and Level Annotations

Branches:
Dungeon (3/15)

Altars:
Vehumet
Xom


Innate Abilities, Weirdness & Mutations

You are small and have problems with some larger weapons.
You evolve.


Message History

A quokka comes into view.
You feel very mighty all of a sudden.
You feel clever all of a sudden. The orc wizard closely misses you.
The quokka moves out of view.
You barely miss the orc priest.
The orc priest is heavily wounded.
You hit the orc wizard (5).
The orc priest calls down the wrath of Beogh upon you.
Beogh smites you (7)!
* * * LOW HITPOINT WARNING * * *
The orc wizard casts a spell at you.
You feel yourself slow down.
The orc priest hits you but does no damage.
You hear an angry hiss.
You hit the orc priest (6).
The orc priest is almost dead.
You barely miss the orc wizard.
The orc wizard hits you but does no damage.
The orc priest calls down the wrath of Beogh upon you.
Pain shoots through your body (11)!
You die...

.# ..... .# ..
...##.#... ###.
....#.#... #...
._...... ###..#
.o....#
#....#.##o....#
#.#....#.o@.....#
#......####.....#
.###......#####
..##.####.......
#.##.# #.......
#.##.# #.......
#.##.# #.......
###..#.# #.......
#######....#.#
#.(.....


You could see an orc priest, an orc wizard and an orc.

Vanquished Creatures
  A howler monkey (D:3)
  A worker ant (D:3)
  3 adders
  2 oozes
  3 dart slugs
  An orc (D:3)
  3 quokkas
  8 giant cockroaches
  9 goblins
  8 hobgoblins
  3 jackals
  9 bats
  5 frilled lizards
  6 kobolds
  10 rats
72 creatures vanquished.

Notes
Turn   | Place    | Note
-------+----------+-------------------------------------------
     0 | D:1      | tehllama the Kobold Skald began the quest for the Orb.
     0 | D:1      | Reached XP level 1. HP: 13/13 MP: 4/4
    64 | D:1      | Gained mutation: You evolve. [Kobold growth]
    64 | D:1      | Reached XP level 2. HP: 19/19 MP: 1/5
    68 | D:1      | Learned a level 2 spell: Song of Slaying
   196 | D:1      | Reached XP level 3. HP: 16/24 MP: 0/5
   205 | D:1      | Learned a level 3 spell: Regeneration
   899 | D:2      | Reached XP level 4. HP: 29/29 MP: 0/3
  1065 | D:2      | Learned a level 4 spell: Ozocubu's Armour
  1196 | D:2      | Reached XP level 5. HP: 34/34 MP: 0/5
  1304 | D:2      | Found a radiant altar of Vehumet.
  1349 | D:2      | Found a faded altar of an unknown god.
  1588 | D:3      | Found a shimmering altar of Xom.
  1605 | D:3      | Killed from afar by an orc priest

Action                   |  1- 3 |  4- 6 || total
-------------------------+-------+-------++-------
Melee: Hand axe          |    84 |    83 ||   167
 Cast: Infusion          |     1 |       ||     1
       Song of Slaying   |     1 |       ||     1
       Regeneration      |     1 |       ||     1
  Use: Potion            |       |     1 ||     1
 Stab: Sleeping          |     4 |     5 ||     9
Armor: Leather armour    |    21 |    13 ||    34
Dodge: Dodged            |    70 |    60 ||   130
Block: Other             |     8 |     5 ||    13
